 Dungeon Crawl Stone Soup version 0.25.0-9-g26727b657a (webtiles) character file.

Game seed: 1476088207562199032

269 Delver the Stinger (level 6, -12/48 HPs)
             Began as a Draconian Venom Mage on June 19, 2020.
             Mangled by an ogre
             ... wielding a +0 giant spiked club
              (31 damage)
             ... on level 4 of the Dungeon.
             The game lasted 00:49:53 (3909 turns).

Delver the Stinger (Draconian Venom Mage)           Turns: 3909, Time: 00:49:54

Health: -12/48     AC:  6    Str: 11    XL:     6   Next: 1%
Magic:  0/9        EV: 12    Int: 17    God:
Gold:   100        SH:  0    Dex: 11    Spells: 0/9 levels left

rFire    x . .     SeeInvis .   t - +0 long sword
rCold    + . .     Gourm    .   (no shield)
rNeg     . . .     Faith    .   (armour unavailable)
rPois    .         Spirit   .   (helmet restricted)
rElec    .         Reflect  .   (no cloak)
rCorr    .         Harm     .   (no gloves)
MR       .....                  (no boots)
Stlth    ++........             (no amulet)
HPRegen  0.16/turn              c - ring of ice
MPRegen  0.11/turn              y - ring of wizardry

@: no status effects
A: unfitting armour, cold-blooded, AC +6
a: no special abilities


You were on level 4 of the Dungeon.
You were not hungry.

You visited 1 branch of the dungeon, and saw 4 of its levels.

You collected 100 gold pieces.

Inventory:

Hand Weapons
 f - a +0 dagger
 i - a +0 club
 j - a +0 dagger
 m - a +0 dagger
 q - a +0 spear
 t - a +0 long sword (weapon)
 u - a +0 hand axe
Missiles
 k - 118 arrows
 p - 136 stones
 x - 2 boomerangs (quivered)
 C - a throwing net
Armour
 r - a +0 kite shield
 B - a +1 helmet
Jewellery
 c - a ring of ice (left hand)
 y - a ring of wizardry (right hand)
Scrolls
 d - a scroll of fear {unknown}
 e - a scroll of magic mapping {unknown}
 g - a scroll of enchant armour {unknown}
 h - a scroll of amnesia {unknown}
 o - a scroll of teleportation
 s - a scroll of remove curse
 v - a scroll of blinking {unknown}
 D - 2 scrolls of identify {unknown}
 E - a scroll of enchant weapon {unknown}
Potions
 a - 2 potions of magic {unknown}
 l - a potion of curing
 n - a potion of haste {unknown}
 w - a potion of brilliance {unknown}
 z - a potion of lignification
 A - a potion of heal wounds {unknown}
 F - a potion of stabbing {unknown}
Comestibles
 b - 4 rations


   Skills:
 + Level 1.8 Fighting
 - Level 0.3(0.9) Short Blades
 + Level 1.2(1.3) Long Blades
 - Level 0.1 Polearms
 - Level 2.1 Dodging
 - Level 1.8 Stealth
 + Level 1.4 Shields
 - Level 2.4 Spellcasting
 + Level 1.2 Conjurations
 - Level 2.0 Transmutations
 + Level 1.4 Air Magic
 * Level 4.4 Poison Magic


You couldn't memorise any spells.
You knew the following spells:

 Your Spells              Type           Power        Failure   Level  Hunger
a - Sting                 Tmut/Pois      ##..         1%          1    #......
b - Poisonous Vapours     Pois/Air       ##....       3%          2    ##.....
c - Mephitic Cloud        Conj/Pois/Air  ##......     9%          3    ###....
d - Ignite Poison         Fire/Tmut/Pois #.......     9%          3    ###....

Your spell library contained the following spells:

 Spells                   Type           Power        Failure   Level  Hunger
 Olgreb's Toxic Radiance  Pois           ###.....     12%         4    #####..


Dungeon Overview and Level Annotations

Branches:
Dungeon (4/15)
 Temple: D:4-7

Altars:
Ashenzari
Dithmenos
Ru

Annotations:
D:4 exclusion: slave


Innate Abilities, Weirdness & Mutations

Your plain brown scales are hard. (AC +6)
You cannot fit into any form of body armour.
You are cold-blooded and may be slowed by cold attacks.


Message History

Aim: an ogre, wielding a +0 giant spiked club (heavily wounded)
The sting hits the ogre.
The ogre is poisoned.
The ogre is heavily wounded.
The ogre misses you.
Casting: Sting (safe; 1% risk of failure)
Confirm with . or Enter, or press ? or * to list all spells.
You ignite the poison in your surroundings!
The ogre seems to burn from within!
The ogre is severely wounded.
The ogre hits you with a +0 giant spiked club!
Casting: Ignite Poison (dangerous; 9% risk of failure)
Confirm with . or Enter, or press ? or * to list all spells.
Aiming: Sting (safe; 1% risk of failure)
Press: ? - help, Shift-Dir - straight line, f/p - ogre
Aim: an ogre, wielding a +0 giant spiked club (severely wounded)
The sting hits the ogre.
The ogre is poisoned.
The ogre is severely wounded.
The ogre hits you with a +0 giant spiked club!!
Ouch! That really hurt!
You die...

###....## ##.....## ##
#......<######....>..## ##.
#.##..................####..
.......................'.....
..##.....####.........####..
#. #...>..# #........###....
# ##.#.#.# #.#.....## #.###
#.#.#.###.##...## #.# #
#.....O@..###'## #.# #
.....#.##### #.# #.# #
######.#######.# #.# #
#≈≈≈≈≈≈≈...#.######<###
#≈..≈...#....#........
#..≈≈..##......######.
##.....##....#.# #....
##...###.#.##.###.##. #####
#..........##.


You could see an ogre (poisoned).

Vanquished Creatures
  2 orc wizards (D:3)
  Terence (D:2)
  3 gnolls (D:3)
  8 adders
  A worm (D:2)
  3 dart slugs (D:1)
  3 leopard geckos
  4 orcs (D:3)
  10 bats
  6 giant cockroaches
  6 goblins
  4 hobgoblins
  3 jackals (D:2)
  2 quokkas
  5 ball pythons
  3 frilled lizards (D:2)
  7 kobolds
  5 rats
76 creatures vanquished.

Notes
Turn   | Place    | Note
-------+----------+-------------------------------------------
     0 | D:1      | Delver the Draconian Venom Mage began the quest for the
                  | Orb.
     0 | D:1      | Reached XP level 1. HP: 14/14 MP: 3/3
   109 | D:1      | Reached XP level 2. HP: 20/20 MP: 1/5
   852 | D:2      | Reached XP level 3. HP: 14/26 MP: 6/6
   865 | D:2      | Learned a level 2 spell: Poisonous Vapours
   869 | D:2      | Learned a level 3 spell: Mephitic Cloud
  1225 | D:2      | Found a shadowy altar of Dithmenos.
  1255 | D:2      | Noticed Terence
  1282 | D:2      | Killed Terence
  1442 | D:2      | Reached XP level 4. HP: 34/34 MP: 1/7
  1570 | D:2      | Found a shattered altar of Ashenzari.
  1725 | D:2      | Reached skill level 1 in Fighting
  2195 | D:3      | Reached skill level 4 in Poison Magic
  2483 | D:3      | Reached skill level 1 in Shields
  2483 | D:3      | Reached skill level 1 in Air Magic
  2483 | D:3      | Reached XP level 5. HP: 32/40 MP: 1/8
  2758 | D:3      | Found a sacrificial altar of Ru.
  2764 | D:3      | Reached skill level 1 in Conjurations
  2770 | D:3      | Reached skill level 1 in Long Blades
  3609 | D:3      | Reached XP level 6. HP: 42/48 MP: 6/9
  3614 | D:3      | Learned a level 3 spell: Ignite Poison
  3836 | D:4      | Noticed a slave
  3909 | D:4      | Mangled by an ogre

Illustrated notes

Levels and vault maps discovered:
D:1:      wander_arrival_desolate, layout_basic, roderic_filled_cross
D:2:      layout_loops_ring, ashenzari_altar_1, grunt_dithmenos_smoke,
          serial_rivers, chequers_serial_rivers_room_b,
          chequers_serial_rivers_room_b, chequers_serial_rivers_small_b,
          chequers_serial_rivers_micro_b, kennysheep_potato, uniq_terence
D:3:      layout_basic, nicolae_ru_great_annihilating_truth, first_ration
D:4:      layout_loops_corners, minmay_temple_entry_junction,
          chequers_serial_rivers_micro_e, corexii_shack, minmay_misc_feat_cross,
          nemelex_dance_club_becter, uniq_pikel

Skill      XL: |  1  2  3  4  5 |
---------------+----------------+-----
Dodging        | 2 |  2.1
Fighting       | 1 |  1.8
Poison Magic   | 4 |  4.4
Shields        | 1 |  1.4
Air Magic      | 1 |  1.4
Conjurations   | 1 |  1.2
Long Blades    | 1 |  1.2
Transmutations | 2 |  2.0
Short Blades   | |  0.3
Polearms       | |  0.1
Stealth        | |  1.8
Spellcasting   | |  2.4

Action                   |  1- 3 |  4- 6 || total
-------------------------+-------+-------++-------
Melee: Unarmed           |     6 |       ||     6
       Dagger            |    23 |       ||    23
       Tailslap          |     6 |     4 ||    10
       Spear             |    43 |       ||    43
       Long sword        |       |    47 ||    47
Throw: Stone             |    15 |     5 ||    20
       Boomerang         |       |    68 ||    68
 Cast: Sting             |    28 |    35 ||    63
       Poisonous Vapours |     5 |    14 ||    19
       Mephitic Cloud    |       |     6 ||     6
       Ignite Poison     |       |     2 ||     2
  Use: Scroll            |     3 |       ||     3
       Potion            |     2 |     1 ||     3
 Stab: Sleeping          |     2 |       ||     2
       Confused          |       |     1 ||     1
  Eat: Chunk             |     2 |     9 ||    11
       Ration            |       |     1 ||     1
Armor: Skin              |    19 |    24 ||    43
Dodge: Dodged            |    54 |    36 ||    90
Block: Kite shield       |     6 |       ||     6
       Rpst.: Long sword |       |     7 ||     7
